Map: Tours du crépuscule

Players

Superninja - Winner!

  • Race: Protoss Protoss
  • League: Bronze
  • Spawn Location: 1:00

zidar

  • Race: Zerg Zerg
  • League: Gold
  • Spawn Location: 7:00

VOD

Have the link to the VOD?

Description

Time

  • Played on: May 20, 2016, 9:15 a.m.
  • Length: 9:56
Show
View Real Time Build Order
Export as new Build Order

Superninja Protoss - Winner!

Build Orders:  

Get SALT Encoding   

  12  0:11  Probe (Chrono Boost)  
  13  0:21  Probe (Chrono Boost)  
  13  0:22  Pylon  
  14  0:32  Probe (Chrono Boost)  
  15  0:41  Gateway  
  16  0:42  Probe (Chrono Boost)  
  16  0:53  Probe (Chrono Boost)  
  17  0:57  Assimilator  
  17  0:59  Pylon  
  17  1:06  Probe (Chrono Boost)  
  18  1:16  Probe (Chrono Boost)  
  19  1:28  Probe (Chrono Boost)  
  19  1:30  Cybernetics Core  
  20  1:33  Gateway  
  20  1:38  Probe (Chrono Boost)  
  21  1:49  Probe (Chrono Boost)  
  22  1:59  Probe (Chrono Boost)  
  23  2:10  Warp Gate (Chrono Boost)  
  23  2:12  Nexus  
  23  2:20  Mothership Core  
  25  2:23  Assimilator  
  25  2:28  Adept  
  27  2:38  Adept  
  27  2:41  Probe  
  30  3:16  Probe  
  31  3:23  Pylon  
  31  3:26  Pylon  
  31  3:28  Probe (Chrono Boost)  
  31  3:29  Probe (Chrono Boost)  
  33  3:40  Probe (Chrono Boost)  
  33  3:41  Probe (Chrono Boost)  
  35  3:47  Robotics Facility  
  35  3:51  Gateway x2  
  35  3:56  Probe x2 (Chrono Boost)  
  35  4:00  Assimilator  
  37  4:04  Assimilator  
  37  4:07  Probe x2 (Chrono Boost)  
  39  4:12  Forge  
  39  4:14  Stalker  
  41  4:18  Probe (Chrono Boost)  
  41  4:19  Probe (Chrono Boost)  
  43  4:28  Stalker  
  43  4:30  Probe (Chrono Boost)  
  43  4:31  Probe (Chrono Boost)  
  47  4:36  Pylon  
  47  4:37  Observer  
  48  4:42  Probe x2 (Chrono Boost)  
  51  4:53  Probe x2 (Chrono Boost)  
  51  4:59  Stalker x3  
  58  5:12  Immortal  
  62  5:21  Protoss Ground Weapons Level 1  
  62  5:29  Twilight Council  
  62  5:30  Probe x2 (Chrono Boost)  
  62  5:33  Stalker x2  
  68  5:41  Probe x2 (Chrono Boost)  
  70  5:54  Pylon  
  70  5:56  Pylon  
  70  6:01  Pylon  
  70  6:04  Pylon  
  70  6:12  Immortal (Chrono Boost)  
  70  6:13  Probe x2 (Chrono Boost)  
  76  6:20  Stalker x2  
  80  6:42  Nexus  
  80  6:45  Pylon  
  80  6:47  Immortal (Chrono Boost)  
  84  6:57  Robotics Facility  
  84  6:58  Forge  
  84  7:02  Gateway  
  84  7:05  Gateway  
  84  7:08  Gateway  
  84  7:09  Blink (Chrono Boost)  
  84  7:10  Pylon  
  84  7:17  Stalker x2  
  88  7:33  Warp Prism  
  90  7:45  Zealot  
  90  7:46  Zealot x3  
  98  7:57  Probe  
  98  7:58  Probe x2  
  101  8:35  Probe x2  
  101  8:39  Stalker x3  
  101  8:40  Stalker x2  
  113  8:42  Immortal  
  113  8:47  Probe x2  
  101  9:17  Immortal  
  101  9:28  Stalker  
  101  9:29  Stalker x6  
  109  9:55  Zealot x4  
Show
View Real Time Build Order
Export as new Build Order

zidar Zerg 

Build Orders: Pool First 

Get SALT Encoding   

  12  0:02  Drone  
  13  0:12  Overlord  
  13  0:17  Drone  
  14  0:35  Spawning Pool  
  13  0:40  Drone  
  15  0:47  Drone x2  
  17  0:55  Spawning Pool, Drone  
  17  1:22  Hatchery  
  16  1:26  Drone  
  16  1:30  Extractor  
  16  1:31  Drone  
  17  1:41  Drone x2  
  19  1:50  Queen  
  19  1:53  Drone  
  22  2:03  Overlord  
  22  2:24  Drone  
  22  2:25  Queen  
  25  2:32  Overlord  
  25  2:33  Zergling x2  
  26  2:43  Metabolic Boost  
  26  2:45  Roach Warren  
  26  2:46  Drone  
  26  3:02  Extractor  
  26  3:03  Drone x5  
  29  3:17  Lair  
  29  3:32  Zergling x10  
  34  3:47  Evolution Chamber  
  33  3:51  Evolution Chamber  
  32  4:13  Drone x11  
  43  4:17  Drone  
  43  4:31  Hydralisk Den  
  43  4:35  Spire  
  41  4:40  Extractor x2  
  39  4:47  Pneumatized Carapace  
  39  4:54  Roach  
  39  4:55  Overlord  
  39  4:56  Overlord  
  39  4:57  Zergling x2  
  39  4:58  Zergling x2  
  43  5:29  Drone  
  43  5:30  Drone x5  
  43  5:34  Hatchery  
  48  5:40  Infestation Pit  
  47  5:54  Zergling x8  
  51  5:57  Overlord x2  
  51  6:00  Zerg Melee Weapons Level 1  
  51  6:05  Zerg Ground Armor Level 1  
  51  6:16  Hive  
  51  6:41  Drone x4  
  51  6:42  Drone x7  
  62  6:55  Overseer  
  62  6:58  Queen  
  64  7:14  Extractor  
  63  7:15  Extractor  
  62  7:33  Hatchery  
  61  7:46  Drone x9  
  61  7:48  Drone x3  
  73  7:55  Greater Spire  
  73  8:09  Overlord  
  73  8:10  Overlord x2  
  73  8:28  Corruptor x2  
  73  8:29  Corruptor x4  
  73  8:34  Zergling x22  
  78  9:12  Zergling x2  
  78  9:13  Zergling x28  
  87  9:22  Brood Lord x2  
  89  9:27  Overlord x3  
Tags
 
Add a new tag
Caveats
  • Supply blocks, unpowered buildings, or Contaminate may cause inaccurate times.
  • Supply counts are checked every 10 seconds.